 Dungeon Crawl Stone Soup version 0.27.0-1-g7a089689b8 (webtiles) character file.

Game seed: 3382144083524075413

343 makewrite the Chopper (level 6, -4/56 HPs)
             Began as a Hill Orc Monk on Aug 14, 2021.
             Slain by Duvessa (13 damage)
             ... on level 3 of the Dungeon.
             The game lasted 00:09:09 (3660 turns).

makewrite the Chopper (Hill Orc Monk)               Turns: 3660, Time: 00:09:10

Health: -4/56      AC: 10    Str: 16    XL:     6   Next: 57%
Magic:  6/6        EV: 15    Int: 10    God:
Gold:   60         SH:  0    Dex: 13    Spells: 5/5 levels left

rFire    . . .     SeeInvis .   a - +1 war axe
rCold    . . .     Faith    .   (no shield)
rNeg     . . .     Spirit   .   c - +0 ring mail
rPois    .         Reflect  .   (no helmet)
rElec    .         Harm     .   (no cloak)
rCorr    .         Rampage  .   m - +0 pair of gloves
Will     .....                  (no boots)
Stlth    +.........             (no amulet)
HPRegen  0.18/turn              f - +4 ring of evasion
MPRegen  0.10/turn              d - +4 ring of protection

@: lit by a corona, glowing
A: no striking features
a: no special abilities


You were on level 3 of the Dungeon.
You visited 1 branch of the dungeon, and saw 4 of its levels.
You also visited: Ossuary.

You collected 231 gold pieces.
You spent 171 gold pieces at shops.

Inventory:

Hand Weapons
 a - a +1 war axe (weapon)
Armour
 c - a +0 ring mail (worn)
 e - +0 ice dragon scales
 m - a +0 pair of gloves (worn)
Jewellery
 d - a +4 ring of protection (right hand)
 f - a +4 ring of evasion (left hand)
Scrolls
 h - 2 scrolls of magic mapping
 i - 2 scrolls of blinking
 u - a scroll of teleportation
 w - a scroll of fog
Potions
 b - 2 potions of mutation {unknown}
 g - 3 potions of brilliance
 j - a potion of curing
 k - a potion of magic
 l - a potion of ambrosia {unknown}
 o - 4 potions of heal wounds
 q - 3 potions of attraction {unknown}
 r - 2 potions of resistance {unknown}
 s - 2 potions of lignification {unknown}
 t - a potion of berserk rage {unknown}
 v - a potion of invisibility {unknown}
 x - a potion of haste {unknown}


   Skills:
 + Level 5.3 Fighting
 * Level 7.3 Axes
 + Level 3.1 Armour
 - Level 2.4 Dodging
 - Level 1.5 Stealth


You had 5 spell levels left.
You didn't know any spells.
Your spell library contained the following spells:

 Spells                   Type           Power      Damage    Failure   Level
 Summon Small Mammal      Summ           0%         N/A       56%         1
 Static Discharge         Conj/Air       0%         N/A       71%         2
 Call Canine Familiar     Summ           0%         N/A       91%         3
 Summon Guardian Golem    Hex/Summ       0%         N/A       91%         3
 Lightning Bolt           Conj/Air       0%         1d11      100%        5
 Maxwell's Capacitive Co  Air            0%         ∞         100%        8


Dungeon Overview and Level Annotations

Branches:
Dungeon (4/15)            Ossuary (visited)
 Temple: D:4-7

Altars:

Shops:
D:1 !=*[   D:3 *

Annotations:
D:3 Dowan, Duvessa


Message History

Duvessa hits you with a +0 short sword. Dowan closely misses you.
Dowan barely misses you. Duvessa misses you.
You hit Duvessa but do no damage. You closely miss Dowan.
Dowan barely misses you. Duvessa barely misses you.
You barely miss Duvessa. You closely miss Dowan. Dowan closely misses you. x2
Duvessa misses you.
Unknown command.
You hit Duvessa.
Duvessa is lightly wounded.
You hit Dowan. Dowan hits you but does no damage.
Duvessa hits you with a +0 short sword! Dowan misses you.
You hit Duvessa but do no damage.
Duvessa is lightly wounded.
You barely miss Dowan. Dowan barely misses you.
Duvessa hits you with a +0 short sword! Dowan gestures at you while chanting.
You are outlined in light.
You hit Duvessa.
Duvessa is moderately wounded.
You miss Dowan. Duvessa hits you with a +0 short sword!
Dowan hits you but does no damage.
You hit Duvessa.
Duvessa is moderately wounded.
You slash Dowan! Duvessa misses you. Dowan hits you but does no damage.
Dowan says, "Magic and the sword, together, will defeat you."
Dowan hits you but does no damage. Duvessa misses you.
Dowan gestures at Duvessa while chanting.
Duvessa seems to speed up.
You climb upwards.
There is a stone staircase leading down here.
Unknown command.
Duvessa hits you but does no damage.
There is an open door here.
Duvessa hits you but does no damage.
Dowan points at you and mumbles some strange words.
The puff of frost hits you!
* * * LOW HITPOINT WARNING * * *
Duvessa hits you with a +0 short sword!
You die...

#.###.######### #.# #..........
#.############# #.............#
#############.# #..........#
############## #.#.........
#######............###.#.########
......'.........@e.e.>.#.# #
....###............##..#.# #
###..##............##..#.########
.....##............##..#......#..
...#.########'#######..######.#.#
...#.......##.# #..#......#.#
...........##.# #..#..#####.#
...........##.#######..#..#####.#
..............................#.#


You could see Duvessa (fast, strong) and Dowan.

Vanquished Creatures
  2 human zombies (Ossuary)
  2 centaur zombies
  A hound (D:3)
  4 mummies
  4 adders
  A worm (D:2)
  4 dart slugs
  7 ball pythons
  2 endoplasms
  4 giant cockroaches
  4 goblins
  6 hobgoblins
  18 jackals
  6 kobolds
  4 quokkas
  11 bats
  2 frilled lizards (D:2)
  2 goblin zombies (Ossuary)
  A hobgoblin zombie (Ossuary)
  A kobold zombie (Ossuary)
  An orc zombie (Ossuary)
  4 rats
91 creatures vanquished.

Notes
Turn   | Place    | Note
-------+----------+-------------------------------------------
     0 | D:1      | makewrite the Hill Orc Monk began the quest for the Orb.
     0 | D:1      | Reached XP level 1. HP: 19/19 MP: 1/1
   197 | D:1      | Reached XP level 2. HP: 24/27 MP: 2/2
   290 | D:1      | Found Hoxkoan's Jewellery Boutique.
   319 | D:1      | Found a faded altar of an unknown god.
   517 | D:1      | Found Qaleck Arol's General Store.
   525 | D:1      | Bought a scroll of identify for 28 gold pieces
   535 | D:1      | Found Nuradyxu's Antique Armour Boutique.
   710 | D:1      | Reached skill level 1 in Armour
   832 | D:1      | Reached XP level 3. HP: 33/33 MP: 3/3
   859 | D:1      | Reached skill level 5 in Axes
  1138 | D:1      | Found Ytiul's Distillery.
  1146 | D:1      | Bought a potion of degeneration for 11 gold pieces
  1482 | D:2      | Reached XP level 4. HP: 40/40 MP: 4/4
  2171 | D:3      | Reached skill level 6 in Axes
  2171 | D:3      | Reached XP level 5. HP: 42/47 MP: 5/5
  2207 | D:3      | Found Wowyaden's General Store.
  2213 | D:3      | Bought a potion of curing for 36 gold pieces
  2213 | D:3      | Bought a potion of magic for 96 gold pieces
  3006 | D:4      | Found a sand-covered staircase.
  3021 | Ossuary  | Entered an ossuary
  3077 | Ossuary  | Reached skill level 5 in Fighting
  3077 | Ossuary  | Reached XP level 6. HP: 56/56 MP: 6/6
  3094 | Ossuary  | Reached skill level 7 in Axes
  3643 | D:4      | Noticed Duvessa
  3643 | D:4      | Noticed Dowan
  3660 | D:3      | Slain by Duvessa

Illustrated notes

Levels and vault maps discovered:
D:1:      onia_arrival_mini_maze_b, layout_basic, serial_shops, shop_fountains,
          shop, shop, nicolae_shop_crystal,
          shapermc_ecumenical_altar_totnotflames, minmay_misc_feat_ornament,
          minmay_pentomino_v4
D:2:      layout_rooms
D:3:      layout_basic, serial_shops, nicolae_shop_stone
D:4:      layout_basic, gup_ossuary_entry_pyramid, minmay_divided_ellipse,
          uniq_duvessa

Skill      XL: |  1  2  3  4  5  6 |
---------------+-------------------+-----
Armour         | 1 2 3 |  3.1
Fighting       | 4 5 |  5.3
Axes           | 5 6 7 |  7.3
Dodging        | |  2.4
Stealth        | |  1.5

Action                   |  1- 3 |  4- 6 || total
-------------------------+-------+-------++-------
Melee: Hand axe          |    85 |       ||    85
       War axe           |    10 |   189 ||   199
Throw: Boomerang         |    28 |       ||    28
  Use: Scroll            |       |     9 ||     9
 Stab: Sleeping          |     2 |       ||     2
Armor: Ring mail         |    60 |    77 ||   137
       Robe              |     1 |       ||     1
Dodge: Dodged            |    98 |   162 ||   260
